 Dungeon Crawl Stone Soup version 0.30.0-19-g36f170ea60 (webtiles) character file.

Game seed: 6124140211998099156

58 CaptainMV the Chopper (level 3, 0/27 HPs)
             Began as a Draconian Wanderer on May 31, 2023.
             Succumbed to an adder's poison
             ... on level 6 of the Dungeon.
             The game lasted 00:12:26 (979 turns).

CaptainMV the Chopper (Draconian Wanderer)           Turns: 979, Time: 00:12:27

Health: 0/27       AC:  5    Str: 14    XL:     3   Next: 76%
Magic:  1/5        EV: 10    Int: 16    God:
Gold:   94         SH:  3    Dex:  8    Spells: 3/5 levels left

rFire   . . .        a - +0 war axe
rCold   . . .        b - +0 buckler
rNeg    . . .        (body armour unavailable)
rPois   .            (helmet restricted)
rElec   .            (no cloak)
rCorr   .            (no gloves)
SInv    .            (no boots)
Will    .....        (no amulet)
Stlth   +            (no ring)
HPRegen 0.24/turn    (no ring)
MPRegen 0.09/turn

%: no passive effects
@: lethally poisoned (0 -> -5)
A: AC +5, unfitting armour, cold-blooded
a: no special abilities


You were on level 6 of the Dungeon.
You visited 1 branch of the dungeon, and saw 4 of its levels.

You collected 94 gold pieces.

Inventory:

Hand Weapons
 a - a +0 war axe (weapon)
Armour
 b - a +0 buckler (worn)
Magical Staves
 k - a staff of conjuration
Jewellery
 d - a +6 ring of dexterity
 h - a ring of magical power
Scrolls
 i - a scroll of enchant armour
Potions
 c - a potion of berserk rage
 e - 2 potions of haste
 f - a potion of might {unknown}
 g - a potion of degeneration
 j - a potion of flight {unknown}


   Skills:
 + Level 0.3 Fighting
 + Level 3.6 Axes
 + Level 0.2 Dodging
 + Level 0.1 Stealth
 + Level 2.1 Shields
 + Level 1.7 Spellcasting
 + Level 3.5 Summonings
 + Level 1.0 Invocations


You had 3 spell levels left.
You knew the following spells:

 Your Spells              Type           Power      Damage    Failure   Level
a - Summon Small Mammal   Summ           48%        N/A       7%          1
b - Necrotise             Necr           4%         1d4       28%         1

Your spell library contained the following spells:

 Spells                   Type           Power      Damage    Failure   Level
 Summon Guardian Golem    Hex/Summ       7%         N/A       38%         3
 Vampiric Draining        Necr           1%         2d6       63%         3
 Agony                    Necr           1%         N/A       100%        5


Dungeon Overview and Level Annotations

Branches:
Dungeon (6/15)
 Temple: D:4-7

Altars:


Innate Abilities, Weirdness & Mutations

Your plain brown scales are hard. (AC +5)
You cannot fit into any form of body armour.
You are cold-blooded and may be slowed by cold attacks.


Message History

Aim: an adder (moderately wounded, chance to affect: 45%)
The adder resists with some effort.
You feel sick. The adder barely misses you. The adder misses you.
You closely miss the orc wizard. You tail-slap the orc wizard.
The orc wizard is moderately wounded.
You hit the adder.
You feel sick. The adder closely misses you.
The orc wizard hits you but does no damage.
You barely miss the orc wizard.
The orc wizard is moderately wounded.
You miss the adder.
You feel sick. The adder bites you.
You are more poisoned.
The adder poisons you! The orc wizard casts a spell at you.
The puff of flame hits you!
* * * LOW HITPOINT WARNING * * *
The adder bites you but does no damage.
The orc wizard hits you but does no damage.
Casting: Necrotise (safe; 28% risk of failure)
Confirm with . or Enter, or press ? or * to list all spells.
Aiming: Necrotise (safe; 28% risk of failure)
Press: ? - help, Shift-Dir - straight line, f/p - adder
Aim: an adder (severely wounded, chance to affect: 45%)
The adder writhes in agony.
* * * LOW HITPOINT WARNING * * *
You feel sick. You block the adder's attack.
The orc wizard casts a spell.
The orc wizard flickers and vanishes!
Deactivating autopickup; reactivate with Ctrl-A.
The orc hits you with a +0 flail.
* * * LOW HITPOINT WARNING * * *
The orc wizard hits you with a +4 dagger of speed.
* * * LOW HITPOINT WARNING * * *
You hear a shout!
Casting: Necrotise (safe; 28% risk of failure)
Confirm with . or Enter, or press ? or * to list all spells.
Aiming: Necrotise (safe; 28% risk of failure)
Press: ? - help, Shift-Dir - straight line, f/p - adder
Aim: an adder (almost dead, chance to affect: 45%)
The adder resists with some effort.
You die...

. .## ## #. .....
..##.# # #...#
..#..# #.#.....
...#.#.#.#...#
#.+#.#.#.#.#+..
#..ooo#.#.#.#..
#####....#@#.#.#...
.......{oS#o#.#.#..
!#$#...oo#.#.#...
+.....o#.#..
#.....#.#>#..
#.#.#.#.#.#.#.#
#.#.#.#.#.#.#.#.#
#.#.#.#.#.# #.#.##
.#.#.#.#.# #.#.


You could see 3 orc wizards, an adder and 4 orcs.

Vanquished Creatures
  A gnoll (D:1)
  2 dart slugs
  An orc (D:2)
  2 bats (D:2)
  3 endoplasms
  A giant cockroach (D:2)
  5 goblins
  3 hobgoblins (D:1)
  3 jackals (D:1)
  A quokka (D:2)
  2 ball pythons
  A frilled lizard (D:1)
  6 kobolds
  A rat (D:1)
32 creatures vanquished.

Vanquished Creatures (collateral kills)
  A worm (D:2)
  A goblin (D:2)
  A hobgoblin (D:2)
  A ball python (D:1)
  2 rats
6 creatures vanquished.

Grand Total: 38 creatures vanquished

Notes
Turn   | Place    | Note
-------+----------+-------------------------------------------
     0 | D:1      | CaptainMV the Draconian Wanderer began the quest for the
                  | Orb.
     0 | D:1      | CaptainMV set off with the following items: a +0 war axe, a
                  | +0 buckler, a potion of berserk rage; and the following
                  | spell memorised: Summon Small Mammal; and the following
                  | spells available to memorise: Summon Guardian Golem.
     0 | D:1      | Reached XP level 1. HP: 14/14 MP: 2/2
   146 | D:1      | Reached XP level 2. HP: 7/20 MP: 1/3
   278 | D:1      | Learned a level 1 spell: Necrotise
   347 | D:1      | Reached XP level 3. HP: 3/26 MP: 0/4
   959 | D:3      | You fall into a shaft and drop 3 floors!
   978 | D:6      | HP: 1/27 [orc wizard/+4 dagger of speed (5)]
   979 | D:6      | Succumbed to an adder's poison

Illustrated notes

Levels and vault maps discovered:
D:1:      scummos_arrival_simple_fountains, layout_basic,
          minmay_misc_feat_more_columns
D:2:      layout_rooms
D:3:      layout_loops_corners
D:6:      kennysheep_steamy, layout_basic, minmay_misc_feat_enclosed,
          minivault_19, minmay_ruffians, uniq_menkaure

Action                     || total
---------------------------++-------
  Melee: War axe           ||    92
         Tailslap          ||    10
   Cast: Summon Small Mamm ||    28
         Necrotise         ||    14
    Use: Scroll            ||     6
   Stab: Distracted        ||     1
 Armour: Skin              ||    47
  Dodge: Dodged            ||    66
  Block: Buckler           ||    23
